 Dungeon Crawl Stone Soup version 0.22-a0-268-g1cc83ef (webtiles) character file.

2341 nikopol the Thaumaturge (level 9, -3/49 HPs)
             Began as a Deep Elf Fire Elementalist on Mar 9, 2018.
             Was a Priest of Sif Muna.
             Slain by a killer bee (8 damage)
             ... on level 6 of the Dungeon.
             The game lasted 00:24:30 (7115 turns).

nikopol the Thaumaturge (DEFE)                      Turns: 7115, Time: 00:24:31

Health: -3/49      AC:  2    Str:  5    XL:     9   Next: 20%
Magic:  1/24       EV: 14    Int: 24    God:    Sif Muna [***...]
Gold:   321        SH:  0    Dex: 15    Spells: 12/27 levels left

rFire    . . .     SeeInvis .   (no weapon)
rCold    . . .     Gourm    +   (no shield)
rNeg     + . .     Faith    .   a - +0 robe
rPois    .         Spirit   .   (no helmet)
rElec    .         Reflect  .   (no cloak)
rCorr    .         Harm     .   (no gloves)
MR       +....                  (no boots)
Stlth    +++.......             l - amulet of the gourmand
HPRegen  0.16/turn              b - ring of protection from magic
MPRegen  0.19/turn              u - ring of positive energy

@: lethally poisoned (-3 -> -5)
A: no striking features
a: Divine Energy, Channel Magic, Renounce Religion


You were on level 6 of the Dungeon.
You worshipped Sif Muna.
Sif Muna was most pleased with you.
You were completely stuffed.

You visited 1 branch of the dungeon, and saw 7 of its levels.

You collected 321 gold pieces.

Inventory:

Armour
 a - a +0 robe (worn)
Jewellery
 b - a ring of protection from magic (left hand)
 j - an uncursed ring of flight
 k - an uncursed ring of stealth
 l - an amulet of the gourmand (around neck)
 u - a ring of positive energy (right hand)
Wands
 s - a wand of digging (10)
 y - a wand of iceblast (8)
Scrolls
 f - a scroll of enchant weapon
 g - a scroll of blinking {unknown}
 i - a scroll of enchant armour {unknown}
 m - 2 scrolls of remove curse
 p - a scroll of identify
 r - a scroll of vulnerability {unknown}
 t - a scroll of noise {unknown}
 w - 2 scrolls of teleportation {unknown}
 A - a scroll of fog {unknown}
Potions
 d - 2 potions of heal wounds {unknown}
 e - 2 potions of curing {unknown}
 h - 2 potions of agility
 n - 3 potions of cancellation
 o - a potion of degeneration {unknown}
 q - a potion of mutation {unknown}
 v - 2 potions of flight {unknown}
 z - a potion of haste {unknown}
Comestibles
 c - 9 rations
 x - 3 chunks of flesh


   Skills:
 + Level 2.5 Fighting
 + Level 3.6 Dodging
 + Level 4.0 Stealth
 + Level 9.6 Spellcasting
 + Level 6.7 Conjurations
 + Level 7.8 Fire Magic


You had 12 spell levels left.
You knew the following spells:

 Your Spells              Type           Power        Failure   Level  Hunger
a - Flame Tongue          Conj/Fire      #####        1%          1    None
b - Throw Flame           Conj/Fire      #####.       1%          2    None
c - Conjure Flame         Conj/Fire      #####...     1%          3    None
d - Sticky Flame          Conj/Fire      #####...     2%          4    #......
e - Fireball              Conj/Fire      #####.....   8%          5    ####...


Dungeon Overview and Level Annotations

Branches:
Dungeon (7/15)             Temple (0/1) D:4

Altars:
Dithmenos
Okawaru
Qazlal
Ru
Sif Muna
Xom
The Shining One


Message History

The killer bee is almost dead.
You feel sick. The killer bee barely misses you.
The killer bee closely misses you.
Casting: Flame Tongue (safe; 1% risk of failure)
Confirm with . or Enter, or press ? or * to list all spells.
Aiming: Flame Tongue (safe; 1% risk of failure)
Press: ? - help, Shift-Dir - straight line, f/p - killer bee
Aim: a killer bee (almost dead)
The flame tongue misses the killer bee.
The killer bee closely misses you. The killer bee completely misses you.
Casting: Flame Tongue (safe; 1% risk of failure)
Confirm with . or Enter, or press ? or * to list all spells.
Aiming: Flame Tongue (safe; 1% risk of failure)
Press: ? - help, Shift-Dir - straight line, f/p - killer bee
Aim: a killer bee (almost dead)
The flame tongue misses the killer bee.
You feel sick. The killer bee stings you.
* * * LOW HITPOINT WARNING * * *
The killer bee stings you!
You die...

####### #.....###########
####y###...........# #...@#
#.#########.## #####
#.##.###.#########... ##...##
#.##.....#...........
#.....######.#......#.#######.##
#...................#.#.........
#.....#.......................<#
##...##.####...................)
##.###.# #.#..(...#.#.#####..#
####.# #.# #.##..>#.............


You could see a killer bee.

Vanquished Creatures
  A hungry ghost (D:7)
  Menkaure (D:5)
  An ice beast (D:6)
  A black bear (D:6)
  2 sky beasts
  4 ogres
  2 centaurs (D:6)
  2 bullfrogs (D:6)
  A scorpion (D:6)
  4 killer bees (D:7)
  3 hounds
  A bullfrog skeleton (D:4)
  3 orc priests (D:6)
  4 orc wizards
  A centaur skeleton (D:6)
  4 iguanas
  5 worker ants
  A hound zombie (D:5)
  A hound skeleton (D:5)
  3 gnolls (D:4)
  15 adders
  5 worms
  3 dart slugs
  3 leopard geckos
  9 orcs
  2 ball pythons
  9 bats
  7 giant cockroaches
  11 goblins
  11 hobgoblins
  9 jackals
  3 quokkas
  4 frilled lizards
  A jackal skeleton (D:5)
  13 kobolds
  A quokka skeleton (D:5)
  7 rats
158 creatures vanquished.

Notes
Turn   | Place    | Note
-------+----------+-------------------------------------------
     0 | D:1      | nikopol the Deep Elf Fire Elementalist began the quest for the Orb.
     0 | D:1      | Reached XP level 1. HP: 10/10 MP: 6/6
    73 | D:1      | Reached XP level 2. HP: 13/15 MP: 0/8
   570 | D:1      | Reached XP level 3. HP: 19/19 MP: 5/9
  1408 | D:2      | Reached XP level 4. HP: 24/24 MP: 6/11
  1919 | D:2      | Reached skill level 4 in Spellcasting
  2038 | D:2      | Found a shadowy altar of Dithmenos.
  2908 | D:3      | Reached XP level 5. HP: 28/28 MP: 11/13
  3234 | D:3      | Learned a level 2 spell: Throw Flame
  3238 | D:3      | Learned a level 3 spell: Conjure Flame
  3243 | D:3      | Learned a level 4 spell: Sticky Flame
  3319 | D:3      | Found a deep blue altar of Sif Muna.
  3325 | D:3      | Became a worshipper of Sif Muna the Loreminder
  3497 | D:4      | Noticed an ogre
  3523 | D:4      | Killed an ogre
  3523 | D:4      | Reached skill level 5 in Spellcasting
  3523 | D:4      | Reached skill level 5 in Fire Magic
  3523 | D:4      | Reached XP level 6. HP: 32/32 MP: 2/15
  3530 | D:4      | Learned a level 5 spell: Fireball
  4013 | D:4      | Reached * piety under Sif Muna
  4122 | D:4      | Found a shimmering altar of Xom.
  4262 | D:4      | Reached skill level 6 in Spellcasting
  4393 | D:4      | Reached XP level 7. HP: 37/37 MP: 11/18
  4412 | D:4      | Found a staircase to the Ecumenical Temple.
  4659 | D:5      | Entered Level 5 of the Dungeon
  4861 | D:5      | Reached skill level 1 in Fighting
  5027 | D:5      | Reached skill level 7 in Spellcasting
  5219 | D:5      | Noticed Menkaure
  5312 | D:5      | Killed Menkaure
  5662 | D:6      | Found a stormy altar of Qazlal.
  5688 | D:6      | Reached XP level 8. HP: 43/43 MP: 15/21
  5782 | D:6      | Reached skill level 8 in Spellcasting
  5847 | D:6      | Reached ** piety under Sif Muna
  5847 | D:6      | Reached skill level 5 in Conjurations
  6259 | D:6      | Reached skill level 9 in Spellcasting
  6614 | D:6      | Reached XP level 9. HP: 40/49 MP: 14/24
  6672 | D:6      | Found an iron altar of Okawaru.
  6672 | D:6      | Found a sacrificial altar of Ru.
  6673 | D:6      | Found a shimmering altar of Xom.
  6674 | D:6      | Found a glowing golden altar of the Shining One.
  6845 | D:7      | Found a sacrificial altar of Ru.
  7059 | D:7      | Reached *** piety under Sif Muna
  7115 | D:6      | Slain by a killer bee

Vault maps used:
D:1:      onia_arrival_mini_spirals
D:2:      nicolae_dithmenos_through_a_glass_darkly
D:3:      led_sif_pool, minmay_misc_feat_room, minivault_4
D:4:      minmay_temple_entry_fiery, first_ration, minmay_stone_trees_medium,
          tgw_xom
D:5:      minmay_misc_feat_cross, uniq_menkaure
D:6:      minitemple, grunt_qazlal_sundering
D:7:      nicolae_ru_sacrificial_ziggurat

Skill      XL: |  1  2  3  4  5  6  7  8 |
---------------+-------------------------+-----
Fire Magic     | 4 5 6 7 |  7.8
Stealth        | 3 4 |  4.0
Conjurations   | 2 3 4 6 |  6.7
Spellcasting   | 4 5 6 7 9 |  9.6
Dodging        | 3 |  3.6
Fighting       | 1 2 |  2.5

Action                   |  1- 3 |  4- 6 |  7- 9 || total
-------------------------+-------+-------+-------++-------
Melee: Unarmed           |       |     2 |       ||     2
 Cast: Flame Tongue      |    80 |   161 |   170 ||   411
       Conjure Flame     |       |     2 |    10 ||    12
       Sticky Flame      |       |     4 |     4 ||     8
       Throw Flame       |       |       |    14 ||    14
  Use: Scroll            |       |       |     4 ||     4
  Eat: Chunk             |     1 |    10 |    17 ||    28
Armor: Robe              |     6 |     8 |       ||    14
Dodge: Dodged            |    47 |    45 |    28 ||   120

Table legend:
 A = Spawn XP
 B = Non-spawn XP
 C = Spawn XP percentage of total XP
 D = Spawn monster count
 E = Non-spawn monster count
 F = Spawn count percentage of total count
 G = Total turns spent on level
                    A         B        C        D         E        F      G
               +---------+---------+-------+---------+---------+-------+---------
         Total |       0 |    3345 |   0.0 |       0 |     158 |   0.0 |  7115
               +---------+---------+-------+---------+---------+-------+---------
           D:1 |       0 |      46 |   0.0 |       0 |      22 |   0.0 |   873
           D:2 |       0 |     135 |   0.0 |       0 |      35 |   0.0 |  1673
           D:3 |       0 |      64 |   0.0 |       0 |      24 |   0.0 |   995
           D:4 |       0 |     492 |   0.0 |       0 |      27 |   0.0 |  1319
           D:5 |       0 |     605 |   0.0 |       0 |      15 |   0.0 |   769
           D:6 |       0 |    1463 |   0.0 |       0 |      24 |   0.0 |  1179
           D:7 |       0 |     540 |   0.0 |       0 |      11 |   0.0 |   307
               +---------+---------+-------+---------+---------+-------+---------
